 Dungeon Crawl Stone Soup version 0.18-a0-1570-gf60b0ab (webtiles) character file.

28 Duffy the Chopper (level 2, 22/22 HPs)
             Began as a Demonspawn Gladiator on Mar 14, 2016.
             Quit the game on level 2 of the Dungeon.
             The game lasted 00:00:38 (1078 turns).

Duffy the Chopper (Demonspawn Gladiator)            Turns: 1078, Time: 00:00:38

Health: 22/22      AC: 10    Str: 15    XL:     2   Next: 96%
Magic:  2/2        EV:  4    Int:  9    God:
Gold:   66         SH:  0    Dex: 13    Spells: 0 memorised, 1 level left

rFire  . . .     SeeInvis .     a - +0 war axe
rCold  . . .     Gourm    .     p - -1 plate armour (curse)
rNeg   . . .     Faith    .     (no shield)
rPois  .         Spirit   .     c - +0 helmet
rElec  .         Dismiss  .     (no cloak)
rCorr  .         Reflect  .     (no gloves)
SustAt .         Harm     .     (no boots)
MR     .....                    (no amulet)
Stlth  ..........               (no ring)
                                (no ring)

@: not resistant to hostile enchantments, extremely unstealthy
A: nightstalker 1
a: no special abilities


You were on level 2 of the Dungeon.
You were not hungry.

You visited 1 branch of the dungeon, and saw 2 of its levels.

You collected 66 gold pieces.


Innate Abilities, Weirdness & Mutations

You are slightly more attuned to the shadows.


   Skills:
 - Level 2.0 Fighting
 + Level 3.8 Axes
 - Level 1.7 Throwing
 - Level 2.6 Dodging


You had one spell level left.
You didn't know any spells.

Inventory:

Hand Weapons
 a - a +0 war axe (weapon)
Missiles
 d - 3 throwing nets (quivered)
Armour
 b - a +0 leather armour
 c - a +0 helmet (worn)
 p - a cursed -1 plate armour (worn)
Scrolls
 e - a scroll of magic mapping {unknown}
 i - a scroll of teleportation {unknown}
 j - a scroll of immolation {unknown}
 k - a scroll of blinking {unknown}
 m - a scroll of identify {unknown}
 n - a scroll of noise {unknown}
Potions
 g - a potion of invisibility {unknown}
 l - a potion of heal wounds {unknown}
 o - a potion of lignification {unknown}
Comestibles
 f - a bread ration
 h - 2 meat rations

Dungeon Overview and Level Annotations

Branches:
Dungeon (2/15)

Altars:


Message History

The rat is heavily wounded.
The rat bites you but does no damage.
A rat is nearby!
A rat is nearby!
A rat is nearby!
You barely miss the rat.
The rat is heavily wounded.
The rat bites you but does no damage.
You hit the rat but do no damage.
The rat is heavily wounded.
The rat bites you but does no damage. The rat bites you.
You slash the rat!
You kill the rat!
No target in view!
You see here a rat corpse.
You butcher the rat corpse.
p - a chunk of flesh
Things that are here:
a club; a goblin corpse
Found a glowing plate armour.
Found a stone staircase leading down.
Eating a chunk of flesh.
This raw flesh tastes terrible.
You continue eating. x2
A rat comes into view.
You see here a glowing plate armour.
p - a glowing plate armour Wear which item? (? for menu, Esc to quit)
You start removing your armour.
You continue taking off your +0 leather armour. x4
You finish taking off your +0 leather armour.
You start putting on your armour.
You continue putting on your glowing plate armour. x5
You finish putting on your cursed -1 plate armour.
Oops, that feels deathly cold.
Are you sure you want to abandon this character and quit the game? (Confirm with "yes".)

#. #.##..# #.
##.##.##..# ....#
..........####.#.#.#
###.##.##.#....#.#.#
###.#.....#..#.#.#.#
........).........>#
#...#.....#..#....#
###.#######.......#
.)#.........###.@.#
#.###.......# #.###
#.# .......###.# #.#
......#....# #.#
......#.###......
#.# #######. ......
#.# ...... ......
......


There were no monsters in sight!

Action                   || total
-------------------------++-------
Melee: War axe           ||    55
 Stab: Sleeping          ||     3
  Eat: Chunk             ||     1

Notes
Turn   | Place    | Note
--------------------------------------------------------------
     0 | D:1      | Duffy the Demonspawn Gladiator began the quest for the Orb.
     0 | D:1      | Reached XP level 1. HP: 16/16 MP: 1/1
   268 | D:1      | Reached skill level 3 in Axes
   521 | D:1      | Gained mutation: You are slightly more attuned to the shadows. [demonic ancestry]
   521 | D:1      | Reached XP level 2. HP: 22/22 MP: 2/2
  1078 | D:2      | Quit the game

Vault maps used:
D:1:      lemuel_arrival_funnel
D:2:      wad_pebble_path, first_bread, kennysheep_nondescript, uniq_sigmund

Vanquished Creatures
  A gnoll
  A giant gecko
  A bat
  A giant cockroach
  6 goblins
  A jackal
  A giant newt
  2 kobolds
  A rat
15 creatures vanquished.
